 Dungeon Crawl Stone Soup version 0.30.1-11-g7821555f0a (webtiles) character file.

Game seed: 8447155798018674130

711 Okkudo the Cleaver (level 7, -1/61 HPs)
             Began as a Hill Orc Monk on Nov 29, 2023.
             Was a Believer of Beogh.
             Slain by Menkaure (19 damage)
             ... on level 5 of the Dungeon.
             The game lasted 00:14:07 (3479 turns).

Okkudo the Cleaver (Hill Orc Monk)                  Turns: 3479, Time: 00:14:07

Health: -1/61      AC:  9    Str: 16    XL:     7   Next: 68%
Magic:  7/7        EV: 10    Int: 10    God:    Beogh [**....]
Gold:   265        SH:  0    Dex: 13    Spells: 6/6 levels left

rFire   . . .        a - +0 hand axe
rCold   . . .        d - orb {light}
rNeg    . . .        v - +0 scale mail
rPois   .            (no helmet)
rElec   .            l - +0 cloak
rCorr   .            r - +0 pair of gloves
SInv    .            (no boots)
Will    +....        m - amulet of regeneration Stlth
                     h - ring of willpower
HPRegen 1.10/turn    j - ring of wizardry
MPRegen 0.10/turn

%: wizardry (x1)
@: glowing
A: no striking features
a: Renounce Religion, Smiting


You were on level 5 of the Dungeon.
You worshipped Beogh.
Beogh was pleased with you.
You visited 1 branch of the dungeon, and saw 5 of its levels.

You collected 265 gold pieces.

Inventory:

Hand Weapons
 a - a +0 hand axe (weapon)
Missiles
 t - 2 poisoned darts (quivered)
Armour
 d - an orb of light (worn)
 l - a +0 cloak (worn)
 r - a +0 pair of gloves (worn)
 v - a +0 scale mail (worn)
Jewellery
 h - a ring of willpower (left hand)
 j - a ring of wizardry (right hand)
 m - an amulet of regeneration (around neck)
 x - a ring of protection from fire
Scrolls
 b - 2 scrolls of vulnerability {unknown}
 i - a scroll of immolation
 k - a scroll of fear
 p - a scroll of identify
 q - 2 scrolls of teleportation {unknown}
 u - a scroll of enchant weapon
 w - a scroll of magic mapping {unknown}
Potions
 c - a potion of ambrosia
 e - a potion of might {unknown}
 f - 2 potions of brilliance {unknown}
 g - a potion of resistance {unknown}
 n - 6 potions of curing {unknown}
 o - 2 potions of heal wounds {unknown}
 s - a potion of invisibility {unknown}


   Skills:
 - Level 5.4 Fighting
 * Level 8.6 Axes
 + Level 3.3 Armour
 - Level 3.6 Dodging


You had 6 spell levels left.
You didn't know any spells.
Your spell library contained the following spells:

 Spells                   Type           Power      Damage    Failure   Level
 Ensorcelled Hibernation  Hex/Ice        0%         N/A       58%         2
 Passwall                 Tmut/Erth      0%         N/A       58%         2
 Spider Form              Tmut/Pois      0%         N/A       82%         3
 Swiftness                Air            0%         N/A       82%         3
 Anguish                  Hex/Necr       0%         N/A       99%         4
 Fireball                 Conj/Fire      0%         3d3       100%        5
 Iskenderun's Battlesphe  Conj           0%         2d6       100%        5
 Conjure Ball Lightning   Conj/Air       0%         3x3d6     100%        6
 Orb of Destruction       Conj           0%         9d5       100%        7


Dungeon Overview and Level Annotations

Branches:
Dungeon (5/15)             Temple (0/1) D:5

Altars:
Dithmenos
Vehumet
Xom

Shops:
D:2 =   D:4 !

Annotations:
D:5 Menkaure


Message History

Beogh accepts your kill.
You pick up a book of Burglary and begin reading...
You add the spells Passwall and Swiftness to your library.
j - a ring of wizardry
j - a ring of wizardry (right hand)
p - a scroll of identify You see here a +1 pair of gloves of strength.
x - a ring of protection from fire
Found a rapier.
You now have 230 gold pieces (gained 5).
You see here a +0 rapier.
You now have 240 gold pieces (gained 10).
n - 6 viscous amethyst potions (gained 1)
You see here a +1 pair of gloves of strength.
You now have 253 gold pieces (gained 13).
Found a stone staircase leading down.
You now have 265 gold pieces (gained 12).
Menkaure, Prince of Dust comes into view.
Menkaure gestures wildly while chanting.
Menkaure seems to speed up.
Press: ? - help, v - describe, . - travel
Here: Menkaure (fast)
The floor.
Okay, then.
Okay, then.
Menkaure calls on the powers of darkness!
Your body is wracked with pain!
Menkaure hits you.
You hit Menkaure.
Menkaure is lightly damaged.
Menkaure completely misses you.
You hit Menkaure.
Menkaure is lightly damaged.
Menkaure calls on the powers of darkness!
Your body is wracked with pain!
* * * LOW HITPOINT WARNING * * *
You slash Menkaure!
Menkaure is heavily damaged.
Menkaure hits you!!
You die...

#.....##...........
#####.##.>.......##
#.##...........
####.##.........##
#.................
#.##.##.........##
#.##.##.........#
#M##............#
#@#####.........#
#.#####.#########
#.......# #########


You could see Menkaure (fast).

Vanquished Creatures
  Sigmund (D:3)
  2 ogres
  A scorpion (D:5)
  5 hounds
  An iguana (D:4)
  7 adders
  An ufetubus (D:4)
  4 worms
  4 dart slugs
  2 orcs
  7 ball pythons
  2 bats
  7 endoplasms
  6 giant cockroaches
  2 goblins (D:4)
  9 hobgoblins
  4 kobolds
  3 quokkas
  A frilled lizard (D:1)
  3 rats
72 creatures vanquished.

Vanquished Creatures (others)
  An endoplasm (D:4)
1 creature vanquished.

Grand Total: 73 creatures vanquished

Notes
Turn   | Place    | Note
-------+----------+-------------------------------------------
     0 | D:1      | Okkudo the Hill Orc Monk began the quest for the Orb.
     0 | D:1      | Reached XP level 1. HP: 19/19 MP: 1/1
   289 | D:1      | Reached XP level 2. HP: 27/27 MP: 2/2
   882 | D:2      | Reached XP level 3. HP: 33/33 MP: 3/3
   889 | D:2      | Found Hutset's Jewellery Shop.
  1404 | D:2      | Reached XP level 4. HP: 41/41 MP: 4/4
  1563 | D:3      | Reached skill level 5 in Axes
  1660 | D:3      | Noticed Sigmund
  1680 | D:3      | Killed Sigmund
  1681 | D:3      | Reached skill level 5 in Fighting
  1681 | D:3      | Reached XP level 5. HP: 37/48 MP: 5/5
  1681 | D:3      | Reached XP level 6. HP: 43/56 MP: 6/6
  1720 | D:3      | Reached skill level 6 in Axes
  1990 | D:4      | Became a worshipper of Beogh the Brigand
  1990 | D:4      | Reached * piety under Beogh
  1990 | D:4      | Reached ** piety under Beogh
  2029 | D:4      | Found a radiant altar of Vehumet.
  2029 | D:4      | Found a shadowy altar of Dithmenos.
  2079 | D:4      | Reached skill level 1 in Armour
  2088 | D:4      | Reached skill level 7 in Axes
  2195 | D:4      | Found a shimmering altar of Xom.
  2440 | D:4      | Reached XP level 7. HP: 61/61 MP: 7/7
  2901 | D:4      | Found Otaiwishent's Distillery.
  3089 | D:5      | Entered Level 5 of the Dungeon
  3090 | D:5      | Found a staircase to the Ecumenical Temple.
  3106 | D:5      | Reached skill level 8 in Axes
  3474 | D:5      | Noticed Menkaure
  3479 | D:5      | Slain by Menkaure

Illustrated notes

Levels and vault maps discovered:
D:1:      minmay_arrival_up_and_down, layout_loops_ring
D:2:      layout_basic, serial_forest, infiniplex_forest_clump_tiny,
          infiniplex_forest_straight_2, infiniplex_forest_lined_ring,
          infiniplex_forest_fountain, infiniplex_forest_end_2,
          infiniplex_forest_corner_1, infiniplex_forest_clump_large,
          infiniplex_forest_lined_4_way, infiniplex_forest_clump_small,
          serial_shops, nicolae_diamond_shop
D:3:      wander_river, layout_rooms, columned_hall_lemuel, uniq_sigmund
D:4:      nicolae_cairo_tiling, layout_cave_pods, jmf_multi_god_temple,
          mainiacjoe_overflow_alcove_4, serial_shops, shop
D:5:      layout_loops_cross, minmay_temple_entry_mist, uniq_menkaure

Skill      XL: |  1  2  3  4  5  6  7 |
---------------+----------------------+-----
Fighting       | 4 5 |  5.4
Dodging        | 3 |  3.6
Axes           | 5 7 8 |  8.6
Armour         | 2 3 |  3.3

Action                     |  1- 3 |  4- 6 |  7- 9 || total
---------------------------+-------+-------+-------++-------
  Melee: Hand axe          |   100 |   119 |    74 ||   293
  Throw: Dart              |       |     2 |       ||     2
 Invoke: Convert to Beogh  |       |     1 |       ||     1
    Use: Scroll            |       |       |     3 ||     3
         Potion            |       |       |     1 ||     1
 Armour: Robe              |     1 |       |       ||     1
         Ring mail         |    25 |    26 |     2 ||    53
         Scale mail        |       |       |    40 ||    40
  Dodge: Dodged            |    51 |    54 |    41 ||   146
